 Dungeon Crawl Stone Soup version 0.18.1-8-gdd0e5ea (webtiles) character file.

27 Jersh the Vexing (level 2, -1/23 HPs)
             Began as a Centaur Arcane Marksman on June 8, 2016.
             Slain by a giant gecko (4 damage)
             ... on level 1 of the Dungeon.
             The game lasted 00:04:34 (321 turns).

Jersh the Vexing (Centaur Arcane Marksman)           Turns: 321, Time: 00:04:34

Health: -1/23      AC:  4    Str: 13    XL:     2   Next: 93%
Magic:  3/3        EV:  9    Int: 12    God:
Gold:   32         SH:  0    Dex:  8    Spells: 1 memorised, 2 levels left

rFire  . . .     SeeInvis .     a - +1 hand crossbow
rCold  . . .     Gourm    .     b - +0 robe
rNeg   . . .     Faith    .     (no shield)
rPois  .         Spirit   .     (no helmet)
rElec  .         Dismiss  .     (no cloak)
rCorr  .         Reflect  .     (no gloves)
SustAt .         Harm     .     (no barding)
MR     .....                    (no amulet)
Stlth  +.........               (no ring)
                                (no ring)

@: very quick, not resistant to hostile enchantments, very unstealthy
A: hooves 3, deformed body, speed 2, tough skin 3
a: no special abilities


You were on level 1 of the Dungeon.
You were not hungry.

You visited 1 branch of the dungeon, and saw 1 of its levels.

You collected 32 gold pieces.

Inventory:

Hand Weapons
 a - a +1 hand crossbow (weapon)
Missiles
 e - 21 poisoned needles
Armour
 b - a +0 robe (worn)
Books
 c - a book of Debilitation

   Spells                             Type                      Level
   a - Corona                         Hexes                        1
   b - Slow                           Hexes                        2
   c - Gell's Gravitas                Hexes/Translocation          3
   d - Inner Flame                    Hexes/Fire                   3
   e - Cause Fear                     Hexes                        4
   f - Leda's Liquefaction            Hexes/Earth                  4
Comestibles
 f - 2 bread rations
 g - a beef jerky


   Skills:
 + Level 1.0 Fighting
 + Level 2.9 Crossbows
 + Level 1.5 Dodging
 + Level 1.0 Spellcasting
 + Level 3.2 Hexes


You had 2 spell levels left.
You knew the following spells:

 Your Spells              Type           Power        Failure   Level  Hunger
a - Corona                Hex            #......      12%         1    ##.....


Dungeon Overview and Level Annotations

Branches:
Dungeon (1/15)

Altars:


Innate Abilities, Weirdness & Mutations

You have hooves in place of feet.
Armour fits poorly on your strangely shaped body.
You cover ground very quickly.
You have extremely tough skin (AC +3).


Message History

The giant cockroach barely misses you. The giant gecko bites you.
The dart slug barely misses you. The giant cockroach bites you.
You clumsily bash the giant cockroach but do no damage.
The giant gecko bites you.
* * * LOW HITPOINT WARNING * * *
The giant cockroach barely misses you. The dart slug launches a dart at you.
The slug dart hits you!
* * * LOW HITPOINT WARNING * * *
The giant gecko bites you but does no damage.
You closely miss the giant cockroach. You kick the giant cockroach.
The giant cockroach is moderately wounded.
The giant cockroach closely misses you. The giant gecko closely misses you.
The giant cockroach barely misses you. The dart slug launches a dart at you.
The slug dart misses you.
You barely miss the giant cockroach.
The giant cockroach is moderately wounded.
The giant gecko bites you.
You die...

#.#......... #.
.#.#...#####+ #. .#.#...#
#.. #. (#.#..^# #..
###.## .#.#...# #.. ....#
##.#.#...####.. #..#
#..#.#...(..'.(
######.l###.##.#..#####..
.((.(..s@................
.......w###.##.#......#..
......(r..)......).)†....
#######(###.##.#...)....#
#(# #.##.########## #(#
#.##........... .$.
#.############# ..# #.#
#.#


You could see a dart slug, a giant gecko, a giant cockroach and a rat.

Vanquished Creatures
  A gnoll (D:1)
  A hobgoblin (D:1)
  6 jackals (D:1)
  A bat (D:1)
  5 kobolds (D:1)
  2 rats (D:1)
16 creatures vanquished.

Notes
Turn   | Place    | Note
--------------------------------------------------------------
     0 | D:1      | Jersh the Centaur Arcane Marksman began the quest for the Orb.
     0 | D:1      | Reached XP level 1. HP: 16/16 MP: 2/2
    53 | D:1      | Learned a level 1 spell: Corona
   102 | D:1      | Reached skill level 3 in Hexes
   102 | D:1      | Reached XP level 2. HP: 17/23 MP: 1/3
   321 | D:1      | Slain by a giant gecko

Skill      XL: |  1 |
---------------+----+-----
Hexes          | 3 |  3.2
Fighting       | |  1.0
Crossbows      | |  2.9
Dodging        | |  1.5
Spellcasting   | |  1.0

Action                   || total
-------------------------++-------
Melee: Hand crossbow     ||     5
       Kick              ||     2
 Fire: Hand crossbow     ||    45
 Cast: Corona            ||     3
  Use: Scroll            ||     2
Armor: Robe              ||    21
Dodge: Dodged            ||    26
